[ AOE2 MATCH · #484050910 ]
Team RMRomans vs Teutons
[ REPLAY ANALYSIS · EXTRACTED FROM THE RECORDED GAME ]
Feudal
11:11
Castle
22:46
Imperial
38:45
| APM avg | 29.9 |
| APM peak | 70 |
| eAPM avg | 15.7 |
| Villagers / military | 168 / 723 |
Focus
⚔️ 37.8% · 🌾 62.2%
Spearman ×415 · Militia ×186 · Scorpion ×83 · Centurion ×28 · Monk ×9 · Trebuchet (Packed) ×2
Feudal
9:29
Castle
19:53
Imperial
32:32
| APM avg | 38.1 |
| APM peak | 84 |
| eAPM avg | 15.7 |
| Villagers / military | 182 / 637 |
Focus
⚔️ 36.4% · 🌾 63.6%
Scout Cavalry ×475 · Knight ×100 · Hand Cannoneer ×48 · Trebuchet (Packed) ×13 · Trade Cart ×11 · Monk ×1
Feudal
8:31
Castle
18:52
Imperial
36:34
| APM avg | 86.5 |
| APM peak | 189 |
| eAPM avg | 57.4 |
| Villagers / military | 260 / 1228 |
Focus
⚔️ 73.5% · 🌾 26.5%
Scout Cavalry ×817 · Knight ×212 · Spearman ×87 · Skirmisher ×41 · Monaspa ×39 · Battering Ram ×19
Feudal
10:37
Castle
22:05
Imperial
35:20
| APM avg | 41.9 |
| APM peak | 96 |
| eAPM avg | 24.7 |
| Villagers / military | 149 / 478 |
Focus
⚔️ 40.0% · 🌾 60.0%
Spearman ×378 · Trade Cart ×61 · Teutonic Knight ×36 · Mangonel ×32 · Bombard Cannon ×13 · Trebuchet (Packed) ×10
Feudal
10:41
Castle
17:50
Imperial
36:02
| APM avg | 48.9 |
| APM peak | 112 |
| eAPM avg | 22.6 |
| Villagers / military | 126 / 560 |
Focus
⚔️ 38.1% · 🌾 61.9%
Spearman ×202 · Archer ×161 · Fire Lancer ×91 · Skirmisher ×83 · Bombard Cannon ×23 · Trade Cart ×21
Feudal
8:37
Castle
21:32
Imperial
37:35
| APM avg | 22.4 |
| APM peak | 65 |
| eAPM avg | 11.3 |
| Villagers / military | 132 / 282 |
Focus
⚔️ 37.6% · 🌾 62.4%
Spearman ×226 · Skirmisher ×26 · Trade Cart ×26 · Militia ×13 · Woad Raider ×8 · Battering Ram ×5
Feudal
10:18
Castle
21:40
Imperial
50:55
| APM avg | 21.8 |
| APM peak | 53 |
| eAPM avg | 15.0 |
| Villagers / military | 130 / 249 |
Focus
⚔️ 37.0% · 🌾 63.0%
Obuch ×94 · Spearman ×59 · Knight ×52 · Scout Cavalry ×39 · Trade Cart ×10 · Battering Ram ×5
Feudal
10:40
Castle
19:01
Imperial
35:42
| APM avg | 30.5 |
| APM peak | 81 |
| eAPM avg | 22.7 |
| Villagers / military | 148 / 700 |
Focus
⚔️ 32.0% · 🌾 68.0%
Skirmisher ×269 · Spearman ×243 · Scorpion ×109 · Chu Ko Nu ×76 · Trade Cart ×51 · Battering Ram ×3
Match map
Initial resources + every placement click. Lines = walls · curves = elevation contours. ◆ gold · ⬟ stone · ● berries · ✦ relic · ◌ wall gap
Your base· ✓ Closed at 22:46 · 14t walls · 1 gate(s)
Gyurkobeats's base· ✓ Closed at 19:53 · 7t walls · 2 gate(s)
折鸿梦影's base· Open — 2t gap
aWin's base· ✓ Closed at 22:05 · 34t walls · 2 gate(s)
FinRahZel's base· ✓ Closed at 17:50 · 0t walls · 1 gate(s)
马大帅's base· ✓ Closed at 21:32 · 4t walls · 1 gate(s)
jordan.armstrong's base· ✓ Closed at 21:40 · 37t walls · no gate
久久's base· ✓ Closed at 19:01 · 0t walls · 1 gate(s)
Smoothed initial terrain · ◌ = detected wall gap · hover for details
Inputs per minute
— Godrick - - Gyurkobeats
Build order — Godrick
First 150 of 647 actions detected
| 0:01 | Create | Villager (Male) |
| 0:01 | Create | Villager (Male) |
| 0:01 | Create | Villager (Male) |
| 0:02 | Create | Villager (Male) |
| 0:04 | Build | House |
| 0:06 | Build | House |
| 1:26 | Build | Lumber Camp |
| 1:28 | Create | Villager (Male) |
| 2:07 | Create | Villager (Male) |
| 2:08 | Create | Villager (Male) |
| 2:26 | Create | Villager (Male) |
| 3:14 | Create | Villager (Male) |
| 3:14 | Create | Villager (Male) |
| 3:15 | Create | Villager (Male) |
| 3:42 | Build | Mill |
| 4:21 | Create | Villager (Male) |
| 4:21 | Create | Villager (Male) |
| 4:30 | Build | House |
| 4:47 | Create | Villager (Male) |
| 4:47 | Create | Villager (Male) |
| 5:15 | Create | Villager (Male) |
| 5:16 | Create | Villager (Male) |
| 5:16 | Create | Villager (Male) |
| 5:30 | Create | Villager (Male) |
| 5:45 | Create | Villager (Male) |
| 6:22 | Create | Villager (Male) |
| 6:48 | Create | Villager (Male) |
| 6:54 | Build | House |
| 6:59 | Create | Villager (Male) |
| 7:30 | Build | Mining Camp |
| 7:57 | Create | Villager (Male) |
| 7:57 | Create | Villager (Male) |
| 8:40 | Research | Feudal Age |
| 8:57 | Build | Barracks |
| 9:22 | Create | Villager (Male) |
| 10:34 | Create | Villager (Male) |
| 10:34 | Create | Villager (Male) |
| 10:35 | Create | Villager (Male) |
| 11:07 | Create | Villager (Male) |
| 11:07 | Create | Villager (Male) |
| 11:11 | Age | Feudal Age |
| 11:16 | Build | Market |
| 11:24 | Build | Blacksmith |
| 11:28 | Create | Villager (Male) |
| 11:32 | Build | Farm |
| 11:35 | Research | Double-Bit Axe |
| 11:39 | Build | Farm |
| 12:04 | Research | Loom |
| 12:07 | Build | House |
| 12:24 | Build | House |
| 12:28 | Build | House |
| 12:39 | Create | Villager (Male) |
| 12:39 | Create | Villager (Male) |
| 12:48 | Create | Villager (Male) |
| 13:01 | Create | Militia |
| 13:02 | Create | Militia |
| 13:06 | Create | Militia |
| 13:16 | Research | Forging |
| 13:18 | Create | Villager (Male) |
| 13:29 | Build | House |
| 13:36 | Create | Villager (Male) |
| 13:55 | Research | Scale Mail Armor |
| 14:00 | Build | House |
| 14:01 | Build | House |
| 14:14 | Research | Man-at-Arms (upgrade) |
| 14:28 | Create | Villager (Male) |
| 14:31 | Build | Farm |
| 14:31 | Build | Farm |
| 14:32 | Build | Farm |
| 14:32 | Build | Farm |
| 14:32 | Build | Farm |
| 14:32 | Build | Farm |
| 14:33 | Build | Farm |
| 14:33 | Build | Farm |
| 14:33 | Build | Farm |
| 15:00 | Create | Militia |
| 15:00 | Create | Militia |
| 15:01 | Create | Militia |
| 15:17 | Create | Villager (Male) |
| 15:20 | Build | Farm |
| 15:20 | Build | Farm |
| 15:21 | Build | Farm |
| 15:21 | Build | Farm |
| 15:21 | Build | Farm |
| 15:47 | Build | Farm |
| 15:49 | Build | Farm |
| 15:57 | Build | House |
| 16:22 | Build | Farm |
| 16:25 | Build | House |
| 16:31 | Create | Militia |
| 16:31 | Create | Militia |
| 16:34 | Create | Villager (Male) |
| 16:35 | Create | Villager (Male) |
| 16:35 | Create | Villager (Male) |
| 16:41 | Research | Horse Collar |
| 17:04 | Build | House |
| 17:17 | Build | Farm |
| 17:26 | Create | Villager (Male) |
| 17:40 | Create | Militia |
| 17:44 | Build | House |
| 17:58 | Build | Farm |
| 18:03 | Build | Lumber Camp |
| 18:08 | Create | Villager (Male) |
| 18:13 | Create | Villager (Male) |
| 18:24 | Build | Stone Wall |
| 18:32 | Create | Militia |
| 18:32 | Create | Militia |
| 18:34 | Build | Farm |
| 18:39 | Build | Lumber Camp |
| 19:12 | Build | Farm |
| 19:16 | Create | Villager (Male) |
| 19:17 | Create | Villager (Male) |
| 19:29 | Research | Castle Age |
| 19:53 | Create | Villager (Male) |
| 19:53 | Create | Villager (Male) |
| 19:58 | Create | Militia |
| 19:58 | Create | Militia |
| 19:58 | Create | Militia |
| 20:02 | Build | Farm |
| 20:04 | Build | Farm |
| 20:06 | Create | Villager (Male) |
| 21:16 | Build | Gate |
| 21:19 | Build | Mining Camp |
| 21:29 | Create | Villager (Male) |
| 22:45 | Build | House |
| 22:46 | Age | Castle Age |
| 23:03 | Create | Villager (Male) |
| 23:03 | Create | Villager (Male) |
| 23:03 | Create | Villager (Male) |
| 23:07 | Build | Town Center |
| 23:11 | Research | Iron Casting |
| 23:12 | Research | Chain Mail Armor |
| 23:15 | Research | Long Swordsman (upgrade) |
| 23:30 | Build | Farm |
| 23:33 | Research | Bow Saw |
| 23:57 | Build | Farm |
| 24:16 | Build | House |
| 24:19 | Build | Farm |
| 24:21 | Research | Heavy Plow |
| 24:23 | Create | Villager (Male) |
| 24:23 | Create | Villager (Male) |
| 24:24 | Create | Villager (Male) |
| 24:25 | Create | Villager (Male) |
| 24:49 | Build | Farm |
| 24:54 | Build | Monastery |
| 24:56 | Build | Farm |
| 24:57 | Create | Villager (Male) |
| 24:59 | Create | Villager (Male) |
| 25:05 | Create | Villager (Male) |
| 25:15 | Build | Farm |
Build order — Gyurkobeats
First 150 of 637 actions detected
| 0:02 | Create | Villager (Male) ×4 |
| 0:02 | Build | House |
| 0:04 | Build | House |
| 1:37 | Create | Villager (Male) |
| 1:37 | Create | Villager (Male) |
| 1:54 | Build | Lumber Camp |
| 2:08 | Create | Villager (Male) |
| 2:27 | Create | Villager (Male) |
| 2:49 | Create | Villager (Male) |
| 3:11 | Create | Villager (Male) |
| 3:43 | Create | Villager (Male) |
| 3:55 | Build | House |
| 4:15 | Create | Villager (Male) |
| 4:36 | Create | Villager (Male) |
| 4:39 | Build | Mill |
| 4:42 | Build | House |
| 4:55 | Create | Villager (Male) |
| 5:12 | Build | Palisade Gate |
| 5:21 | Create | Villager (Male) |
| 5:48 | Create | Villager (Male) |
| 5:58 | Build | Palisade Wall |
| 6:29 | Create | Villager (Male) |
| 6:45 | Research | Loom |
| 7:15 | Research | Feudal Age |
| 7:42 | Build | Barracks |
| 8:41 | Create | Villager (Male) |
| 8:48 | Build | House |
| 9:13 | Build | Farm |
| 9:15 | Build | Farm |
| 9:29 | Age | Feudal Age |
| 9:31 | Research | Double-Bit Axe |
| 9:48 | Create | Villager (Male) |
| 10:14 | Create | Villager (Male) |
| 10:37 | Build | Stable |
| 10:40 | Create | Villager (Male) |
| 11:12 | Create | Villager (Male) |
| 11:13 | Create | Villager (Male) |
| 11:37 | Build | Farm |
| 11:39 | Build | Farm |
| 11:45 | Build | Farm |
| 11:46 | Create | Villager (Male) |
| 11:50 | Build | Farm |
| 11:52 | Create | Scout Cavalry |
| 11:52 | Create | Scout Cavalry |
| 12:15 | Build | Mining Camp |
| 12:27 | Create | Villager (Male) |
| 12:39 | Build | Farm |
| 12:43 | Build | Farm |
| 12:44 | Create | Villager (Male) |
| 12:47 | Build | House |
| 13:08 | Build | Lumber Camp |
| 13:10 | Create | Villager (Male) |
| 13:21 | Build | Farm |
| 13:24 | Create | Scout Cavalry |
| 13:42 | Create | Villager (Male) |
| 13:47 | Build | Farm |
| 13:50 | Build | Farm |
| 14:00 | Build | Gate |
| 14:07 | Create | Scout Cavalry |
| 14:08 | Create | Villager (Male) |
| 14:12 | Research | Wheelbarrow |
| 14:28 | Build | Farm |
| 14:35 | Build | Farm |
| 14:35 | Create | Villager (Male) |
| 14:40 | Build | House |
| 14:49 | Build | House |
| 14:59 | Create | Scout Cavalry |
| 15:12 | Build | House |
| 15:34 | Create | Villager (Male) |
| 15:43 | Build | Farm |
| 15:43 | Build | Farm |
| 15:43 | Build | Farm |
| 16:04 | Create | Scout Cavalry |
| 16:09 | Build | Archery Range |
| 16:28 | Build | Farm |
| 16:36 | Create | Villager (Male) |
| 17:13 | Research | Castle Age |
| 17:13 | Research | Castle Age |
| 17:32 | Build | Mining Camp |
| 17:39 | Create | Villager (Male) |
| 17:39 | Create | Villager (Male) |
| 18:00 | Create | Scout Cavalry |
| 18:05 | Build | Stable |
| 18:17 | Build | Stable |
| 18:53 | Build | Palisade Wall |
| 18:55 | Build | Palisade Wall |
| 19:11 | Create | Scout Cavalry |
| 19:20 | Create | Villager (Male) |
| 19:37 | Create | Villager (Male) |
| 19:40 | Build | Blacksmith |
| 19:53 | Age | Castle Age |
| 19:58 | Research | Light Cavalry (upgrade) |
| 20:09 | Research | Scale Barding Armor |
| 20:10 | Research | Forging |
| 20:15 | Create | Scout Cavalry |
| 20:24 | Create | Knight |
| 20:28 | Build | Stable |
| 20:44 | Create | Villager (Male) |
| 20:49 | Build | Town Center |
| 21:12 | Research | Husbandry |
| 21:14 | Create | Villager (Male) |
| 21:14 | Create | Villager (Male) |
| 21:36 | Build | House |
| 21:40 | Build | House |
| 21:46 | Build | Mill |
| 21:47 | Build | Farm |
| 21:47 | Build | Farm |
| 21:47 | Build | Farm |
| 21:47 | Build | Farm |
| 21:48 | Build | Farm |
| 21:56 | Create | Knight |
| 21:56 | Create | Knight |
| 21:57 | Create | Villager (Male) |
| 22:01 | Build | House |
| 22:04 | Build | House |
| 22:06 | Build | House |
| 22:41 | Create | Villager (Male) |
| 22:46 | Build | Farm |
| 22:46 | Build | Farm |
| 22:46 | Build | Farm |
| 23:05 | Create | Villager (Male) |
| 23:09 | Research | Gold Mining |
| 23:44 | Create | Knight |
| 23:44 | Create | Knight |
| 23:44 | Create | Villager (Male) |
| 23:45 | Create | Villager (Male) |
| 23:45 | Create | Villager (Male) |
| 23:51 | Build | Farm |
| 24:05 | Create | Villager (Male) |
| 24:05 | Create | Villager (Male) |
| 24:06 | Create | Villager (Male) |
| 24:30 | Research | Town Watch |
| 24:37 | Create | Knight |
| 24:37 | Create | Knight |
| 25:08 | Build | Castle |
| 25:15 | Create | Knight |
| 25:16 | Create | Knight |
| 25:16 | Create | Villager (Male) |
| 25:16 | Create | Villager (Male) |
| 25:30 | Research | Gold Shaft Mining |
| 25:40 | Create | Knight |
| 25:41 | Create | Knight |
| 25:54 | Create | Villager (Male) |
| 25:54 | Create | Villager (Male) |
| 25:56 | Create | Villager (Male) |
| 25:56 | Create | Villager (Male) |
| 25:57 | Create | Villager (Male) |
| 25:57 | Create | Villager (Male) |
| 26:02 | Build | House |
| 26:03 | Build | House |
Build order — 折鸿梦影
First 150 of 1350 actions detected
| 0:00 | Create | Villager (Male) |
| 0:00 | Create | Villager (Male) |
| 0:02 | Build | House |
| 0:03 | Build | House |
| 0:05 | Create | Villager (Male) |
| 0:13 | Create | Villager (Male) |
| 0:14 | Create | Villager (Male) |
| 1:28 | Create | Villager (Male) |
| 1:28 | Create | Villager (Male) |
| 1:28 | Create | Villager (Male) |
| 2:01 | Create | Villager (Male) |
| 2:01 | Create | Villager (Male) |
| 2:25 | Create | Villager (Male) |
| 2:25 | Create | Villager (Male) |
| 3:07 | Create | Villager (Male) |
| 3:08 | Create | Villager (Male) |
| 3:08 | Create | Villager (Male) |
| 3:08 | Create | Villager (Male) |
| 3:42 | Create | Villager (Male) |
| 3:42 | Create | Villager (Male) |
| 3:42 | Create | Villager (Male) |
| 3:45 | Build | House |
| 4:18 | Create | Villager (Male) |
| 4:18 | Create | Villager (Male) |
| 4:18 | Create | Villager (Male) |
| 4:20 | Research | Loom |
| 4:20 | Research | Loom |
| 5:41 | Build | Mill |
| 6:21 | Research | Feudal Age |
| 6:22 | Research | Feudal Age |
| 6:22 | Research | Feudal Age |
| 7:43 | Build | Barracks |
| 7:44 | Build | House |
| 7:49 | Create | Villager (Male) |
| 8:31 | Age | Feudal Age |
| 8:38 | Build | Stable |
| 8:38 | Research | Double-Bit Axe |
| 8:41 | Create | Villager (Male) |
| 8:57 | Research | Double-Bit Axe |
| 8:57 | Research | Double-Bit Axe |
| 8:57 | Research | Double-Bit Axe |
| 9:11 | Create | Villager (Male) |
| 9:19 | Create | Scout Cavalry |
| 9:19 | Create | Scout Cavalry |
| 9:29 | Build | House |
| 9:38 | Create | Villager (Male) |
| 9:38 | Create | Villager (Male) |
| 9:57 | Build | House |
| 10:10 | Create | Villager (Male) |
| 10:38 | Create | Villager (Male) |
| 10:40 | Build | Farm |
| 10:53 | Build | Farm |
| 10:54 | Research | Horse Collar |
| 10:54 | Research | Horse Collar |
| 10:56 | Create | Villager (Male) |
| 10:57 | Create | Villager (Male) |
| 11:10 | Build | Farm |
| 11:12 | Build | Farm |
| 11:28 | Create | Villager (Male) |
| 11:28 | Create | Villager (Male) |
| 11:28 | Create | Villager (Male) |
| 11:31 | Build | Farm |
| 11:35 | Build | Farm |
| 11:37 | Create | Scout Cavalry |
| 11:40 | Create | Villager (Male) |
| 11:45 | Build | Farm |
| 11:49 | Build | Farm |
| 11:55 | Build | Farm |
| 12:10 | Create | Villager (Male) |
| 12:42 | Create | Villager (Male) |
| 12:47 | Build | Farm |
| 12:48 | Build | Farm |
| 13:00 | Build | Blacksmith |
| 13:01 | Create | Villager (Male) |
| 13:07 | Build | Farm |
| 13:13 | Build | Farm |
| 13:17 | Build | Farm |
| 13:28 | Create | Villager (Male) |
| 13:35 | Build | Farm |
| 13:38 | Build | Mule Cart |
| 13:47 | Create | Villager (Male) |
| 13:47 | Create | Villager (Male) |
| 13:53 | Research | Wheelbarrow |
| 13:54 | Research | Wheelbarrow |
| 13:54 | Research | Wheelbarrow |
| 14:10 | Create | Scout Cavalry |
| 14:28 | Build | House |
| 14:39 | Create | Villager (Male) |
| 14:39 | Create | Villager (Male) |
| 14:42 | Research | Wheelbarrow |
| 14:43 | Research | Wheelbarrow |
| 16:12 | Research | Castle Age |
| 16:12 | Research | Castle Age |
| 17:28 | Research | Bloodlines |
| 17:39 | Research | Scale Barding Armor |
| 17:39 | Research | Forging |
| 17:39 | Research | Forging |
| 17:40 | Research | Forging |
| 17:43 | Research | Bloodlines |
| 17:43 | Research | Bloodlines |
| 18:15 | Create | Villager (Male) |
| 18:52 | Age | Castle Age |
| 18:54 | Build | Town Center |
| 18:54 | Research | Bow Saw |
| 18:54 | Research | Bow Saw |
| 18:58 | Create | Knight |
| 18:58 | Create | Villager (Male) |
| 19:10 | Build | Town Center |
| 19:12 | Create | Villager (Male) |
| 19:13 | Create | Knight |
| 19:17 | Build | Town Center |
| 19:24 | Build | Town Center |
| 19:26 | Create | Knight |
| 19:29 | Build | House |
| 19:42 | Build | House |
| 19:55 | Build | Stable |
| 20:00 | Create | Villager (Male) |
| 20:00 | Create | Knight |
| 20:23 | Create | Knight |
| 20:23 | Create | Villager (Male) |
| 20:43 | Build | House |
| 20:45 | Build | Farm |
| 20:45 | Build | Farm |
| 20:46 | Build | Farm |
| 20:46 | Build | Farm |
| 20:54 | Create | Villager (Male) |
| 21:13 | Create | Knight |
| 21:13 | Create | Villager (Male) |
| 21:20 | Create | Villager (Male) |
| 21:21 | Create | Villager (Male) |
| 21:22 | Build | Farm |
| 21:28 | Create | Villager (Male) |
| 21:29 | Create | Knight |
| 21:38 | Create | Villager (Male) |
| 21:42 | Create | Knight |
| 21:44 | Create | Villager (Male) |
| 21:49 | Build | Farm |
| 21:59 | Create | Villager (Male) |
| 22:00 | Create | Knight |
| 22:17 | Create | Knight |
| 22:17 | Create | Villager (Male) |
| 22:18 | Build | Farm |
| 22:19 | Create | Villager (Male) |
| 22:22 | Create | Villager (Male) |
| 22:34 | Create | Villager (Male) |
| 22:42 | Create | Villager (Male) |
| 22:54 | Create | Knight |
| 22:54 | Create | Knight |
| 22:56 | Create | Villager (Male) |
| 22:56 | Create | Villager (Male) |
Build order — aWin
First 150 of 623 actions detected
| 0:05 | Create | Villager (Male) |
| 0:05 | Create | Villager (Male) |
| 0:05 | Create | Villager (Male) |
| 0:06 | Create | Villager (Male) |
| 0:15 | Build | House |
| 0:16 | Build | House |
| 1:46 | Create | Villager (Male) |
| 1:46 | Create | Villager (Male) |
| 2:09 | Build | Lumber Camp |
| 2:25 | Create | Villager (Male) |
| 2:55 | Create | Villager (Male) |
| 2:55 | Create | Villager (Male) |
| 3:40 | Create | Villager (Male) |
| 3:43 | Create | Villager (Male) |
| 3:44 | Create | Villager (Male) |
| 3:56 | Create | Villager (Male) |
| 3:56 | Create | Villager (Male) |
| 4:34 | Build | House |
| 5:07 | Create | Villager (Male) |
| 5:31 | Create | Villager (Male) |
| 5:31 | Create | Villager (Male) |
| 5:37 | Build | House |
| 5:38 | Build | Palisade Wall |
| 5:51 | Create | Villager (Male) |
| 5:51 | Create | Villager (Male) |
| 7:10 | Create | Villager (Male) |
| 7:35 | Create | Villager (Male) |
| 7:40 | Build | Mill |
| 7:45 | Create | Villager (Male) |
| 8:23 | Research | Feudal Age |
| 8:23 | Research | Feudal Age |
| 8:38 | Build | Mining Camp |
| 9:12 | Build | Palisade Gate |
| 9:15 | Build | Palisade Wall |
| 9:33 | Build | Palisade Wall |
| 9:39 | Research | Loom |
| 9:39 | Research | Loom |
| 9:39 | Create | Villager (Male) |
| 9:40 | Create | Villager (Male) |
| 9:40 | Create | Villager (Male) |
| 10:35 | Build | House |
| 10:37 | Age | Feudal Age |
| 10:47 | Create | Villager (Male) |
| 10:47 | Create | Villager (Male) |
| 10:54 | Build | House |
| 10:59 | Build | House |
| 12:00 | Build | House |
| 12:37 | Build | Watch Tower |
| 12:57 | Create | Villager (Male) |
| 12:57 | Create | Villager (Male) |
| 13:06 | Build | Palisade Wall |
| 13:07 | Build | Palisade Wall |
| 13:28 | Build | Palisade Wall |
| 13:29 | Build | Palisade Wall |
| 13:29 | Build | Palisade Wall |
| 13:46 | Create | Villager (Male) |
| 13:46 | Create | Villager (Male) |
| 13:47 | Create | Villager (Male) |
| 14:12 | Build | Watch Tower |
| 14:13 | Build | Palisade Wall |
| 14:13 | Build | Palisade Wall |
| 14:14 | Build | Palisade Wall |
| 14:16 | Build | House |
| 14:24 | Build | House |
| 14:39 | Build | House |
| 14:48 | Build | Palisade Gate |
| 14:52 | Build | Palisade Wall |
| 15:05 | Create | Villager (Male) |
| 15:06 | Create | Villager (Male) |
| 15:08 | Build | Farm |
| 15:08 | Build | Farm |
| 15:09 | Build | Farm |
| 15:09 | Build | Farm |
| 15:20 | Build | Mining Camp |
| 16:03 | Build | Blacksmith |
| 16:08 | Create | Villager (Male) |
| 16:09 | Build | Farm |
| 16:37 | Create | Villager (Male) |
| 16:38 | Create | Villager (Male) |
| 16:39 | Build | Farm |
| 16:40 | Build | Farm |
| 17:16 | Build | Farm |
| 17:19 | Create | Villager (Male) |
| 17:38 | Build | Stone Wall |
| 17:41 | Build | Stone Wall |
| 17:43 | Build | Stone Wall |
| 17:44 | Build | Stone Wall |
| 18:09 | Build | Market |
| 18:22 | Build | Stone Wall |
| 18:24 | Build | Stone Wall |
| 18:38 | Build | Stone Wall |
| 19:00 | Create | Villager (Male) |
| 19:04 | Build | Farm |
| 19:21 | Research | Castle Age |
| 19:22 | Research | Castle Age |
| 19:24 | Build | Lumber Camp |
| 20:46 | Research | Double-Bit Axe |
| 20:47 | Research | Double-Bit Axe |
| 20:48 | Research | Horse Collar |
| 20:48 | Research | Horse Collar |
| 20:49 | Research | Horse Collar |
| 20:52 | Build | Farm |
| 21:48 | Build | Stone Wall |
| 21:54 | Build | Stone Wall |
| 21:57 | Build | Stone Wall |
| 22:05 | Age | Castle Age |
| 22:13 | Build | Stone Wall |
| 22:19 | Create | Villager (Male) |
| 22:19 | Create | Villager (Male) |
| 22:19 | Create | Villager (Male) |
| 22:24 | Create | Villager (Male) |
| 22:24 | Create | Villager (Male) |
| 22:31 | Build | Town Center |
| 22:43 | Build | Stone Wall |
| 22:47 | Build | Stone Wall |
| 23:30 | Build | Farm |
| 23:32 | Build | Farm |
| 23:34 | Build | Farm |
| 23:41 | Create | Villager (Male) |
| 23:41 | Create | Villager (Male) |
| 23:46 | Build | Mining Camp |
| 23:54 | Build | Town Center |
| 24:08 | Create | Villager (Male) |
| 24:08 | Create | Villager (Male) |
| 24:08 | Create | Villager (Male) |
| 24:09 | Create | Villager (Male) |
| 24:09 | Create | Villager (Male) |
| 24:13 | Create | Villager (Male) |
| 24:15 | Build | Farm |
| 24:15 | Build | Farm |
| 24:15 | Build | Farm |
| 24:16 | Build | Farm |
| 24:16 | Build | Farm |
| 24:21 | Create | Villager (Male) |
| 24:23 | Create | Villager (Male) |
| 24:24 | Create | Villager (Male) |
| 24:25 | Create | Villager (Male) |
| 25:14 | Create | Villager (Male) |
| 25:14 | Create | Villager (Male) |
| 25:20 | Create | Villager (Male) |
| 25:20 | Create | Villager (Male) |
| 25:21 | Create | Villager (Male) |
| 25:21 | Create | Villager (Male) |
| 25:21 | Create | Villager (Male) |
| 25:35 | Build | Farm |
| 25:39 | Build | Farm |
| 25:40 | Build | Farm |
| 25:41 | Build | Farm |
| 25:44 | Build | Farm |
| 25:45 | Build | Farm |
Build order — FinRahZel
First 150 of 791 actions detected
| 0:04 | Create | Villager (Male) |
| 0:04 | Create | Villager (Male) |
| 0:04 | Create | Villager (Male) |
| 0:04 | Create | Villager (Male) |
| 0:08 | Build | House |
| 0:11 | Build | House |
| 1:28 | Create | Villager (Male) |
| 1:28 | Create | Villager (Male) |
| 1:28 | Create | Villager (Male) |
| 1:54 | Create | Villager (Male) |
| 1:54 | Create | Villager (Male) |
| 2:32 | Create | Villager (Male) |
| 2:33 | Create | Villager (Male) |
| 2:33 | Create | Villager (Male) |
| 2:44 | Build | Lumber Camp |
| 2:56 | Create | Villager (Male) |
| 2:56 | Create | Villager (Male) |
| 2:57 | Create | Villager (Male) |
| 3:22 | Create | Villager (Male) |
| 3:22 | Create | Villager (Male) |
| 3:22 | Create | Villager (Male) |
| 3:27 | Create | Villager (Male) |
| 3:51 | Build | House |
| 4:05 | Create | Villager (Male) |
| 4:06 | Create | Villager (Male) |
| 4:06 | Create | Villager (Male) |
| 4:33 | Build | House |
| 4:37 | Create | Villager (Male) |
| 4:37 | Create | Villager (Male) |
| 4:37 | Create | Villager (Male) |
| 5:07 | Build | House |
| 5:28 | Build | House |
| 5:31 | Create | Villager (Male) |
| 5:31 | Create | Villager (Male) |
| 5:32 | Create | Villager (Male) |
| 6:02 | Build | Palisade Gate |
| 6:36 | Create | Villager (Male) |
| 6:36 | Create | Villager (Male) |
| 6:49 | Build | House |
| 6:50 | Build | House |
| 7:39 | Create | Villager (Male) |
| 7:44 | Build | Mill |
| 8:31 | Research | Feudal Age |
| 9:04 | Build | Mining Camp |
| 10:37 | Create | Villager (Male) |
| 10:37 | Create | Villager (Male) |
| 10:41 | Age | Feudal Age |
| 11:13 | Create | Villager (Male) |
| 11:14 | Create | Villager (Male) |
| 11:16 | Research | Horse Collar |
| 11:18 | Research | Double-Bit Axe |
| 11:45 | Build | Farm |
| 11:47 | Create | Villager (Male) |
| 12:02 | Build | Farm |
| 12:26 | Build | Farm |
| 12:28 | Create | Villager (Male) |
| 12:45 | Build | Market |
| 12:51 | Build | Blacksmith |
| 12:53 | Build | Farm |
| 12:55 | Create | Villager (Male) |
| 13:17 | Build | Farm |
| 13:19 | Create | Villager (Male) |
| 13:39 | Build | Farm |
| 13:44 | Create | Villager (Male) |
| 13:54 | Build | Farm |
| 13:55 | Build | Farm |
| 14:02 | Create | Villager (Male) |
| 14:04 | Build | Farm |
| 14:31 | Build | Farm |
| 14:55 | Build | Farm |
| 15:10 | Research | Castle Age |
| 15:10 | Research | Castle Age |
| 15:10 | Research | Castle Age |
| 15:10 | Research | Castle Age |
| 15:34 | Research | Loom |
| 15:44 | Build | Barracks |
| 16:16 | Research | Padded Archer Armor |
| 16:39 | Build | Archery Range |
| 16:49 | Build | Archery Range |
| 17:09 | Research | Gold Mining |
| 17:19 | Create | Villager (Male) |
| 17:27 | Create | Archer |
| 17:27 | Create | Archer |
| 17:45 | Build | Archery Range |
| 17:50 | Age | Castle Age |
| 17:50 | Create | Archer |
| 17:50 | Create | Archer |
| 17:53 | Research | Padded Archer Armor |
| 18:05 | Create | Archer |
| 18:20 | Research | Bow Saw |
| 18:26 | Research | Crossbowman (upgrade) |
| 18:32 | Create | Archer |
| 18:34 | Create | Archer |
| 18:34 | Create | Archer |
| 18:35 | Create | Archer |
| 18:45 | Create | Villager (Male) |
| 18:45 | Create | Villager (Male) |
| 19:04 | Create | Archer |
| 19:17 | Build | House |
| 19:18 | Build | House |
| 19:34 | Research | Crossbowman (upgrade) |
| 19:38 | Research | Thumb Ring |
| 19:45 | Create | Villager (Male) |
| 19:45 | Create | Villager (Male) |
| 19:53 | Build | Farm |
| 20:13 | Create | Villager (Male) |
| 20:13 | Create | Villager (Male) |
| 20:22 | Create | Archer |
| 20:22 | Create | Archer |
| 20:23 | Create | Archer |
| 21:00 | Create | Archer |
| 21:01 | Create | Archer |
| 21:01 | Create | Archer |
| 21:12 | Create | Villager (Male) |
| 21:12 | Create | Villager (Male) |
| 21:17 | Build | House |
| 21:19 | Build | House |
| 21:36 | Create | Archer |
| 21:37 | Create | Archer |
| 21:37 | Create | Archer |
| 21:47 | Create | Villager (Male) |
| 21:47 | Create | Villager (Male) |
| 21:48 | Create | Villager (Male) |
| 22:04 | Build | Town Center |
| 22:22 | Create | Villager (Male) |
| 22:22 | Create | Villager (Male) |
| 22:40 | Research | Fletching |
| 23:04 | Create | Villager (Male) |
| 23:05 | Research | Leather Archer Armor |
| 23:21 | Create | Villager (Male) |
| 23:40 | Create | Archer |
| 23:40 | Create | Archer |
| 23:41 | Create | Archer |
| 23:41 | Create | Archer |
| 23:42 | Create | Archer |
| 23:49 | Build | Town Center |
| 24:00 | Build | Mining Camp |
| 24:02 | Create | Villager (Male) |
| 24:02 | Create | Villager (Male) |
| 24:17 | Create | Villager (Male) |
| 24:24 | Build | House |
| 24:25 | Build | House |
| 24:25 | Build | House |
| 24:33 | Create | Villager (Male) |
| 24:33 | Create | Villager (Male) |
| 24:50 | Create | Villager (Male) |
| 25:03 | Build | Lumber Camp |
| 25:09 | Create | Archer |
| 25:10 | Create | Archer |
| 25:10 | Create | Archer |
Build order — 马大帅
First 150 of 399 actions detected
| 0:01 | Create | Villager (Male) |
| 0:02 | Create | Villager (Male) |
| 0:02 | Create | Villager (Male) |
| 0:02 | Create | Villager (Male) |
| 0:02 | Create | Villager (Male) |
| 0:03 | Build | House |
| 0:05 | Build | House |
| 1:36 | Create | Villager (Male) |
| 1:51 | Build | Lumber Camp |
| 2:09 | Create | Villager (Male) |
| 2:09 | Create | Villager (Male) |
| 2:34 | Create | Villager (Male) |
| 2:44 | Build | House |
| 2:46 | Build | House |
| 2:55 | Create | Villager (Male) |
| 2:55 | Create | Villager (Male) |
| 3:28 | Create | Villager (Male) |
| 3:36 | Create | Villager (Male) |
| 4:01 | Create | Villager (Male) |
| 4:01 | Create | Villager (Male) |
| 5:21 | Create | Villager (Male) |
| 5:23 | Build | Mill |
| 5:31 | Research | Loom |
| 6:27 | Research | Feudal Age |
| 7:20 | Build | Barracks |
| 8:08 | Build | House |
| 8:15 | Create | Villager (Male) |
| 8:15 | Create | Villager (Male) |
| 8:37 | Age | Feudal Age |
| 8:46 | Research | Double-Bit Axe |
| 8:48 | Research | Horse Collar |
| 8:54 | Build | Farm |
| 8:56 | Build | Farm |
| 9:06 | Build | Palisade Gate |
| 9:17 | Create | Villager (Male) |
| 9:32 | Build | Mining Camp |
| 9:57 | Create | Villager (Male) |
| 9:58 | Create | Villager (Male) |
| 10:02 | Research | Man-at-Arms (upgrade) |
| 10:34 | Create | Militia |
| 10:38 | Create | Villager (Male) |
| 11:05 | Create | Militia |
| 11:09 | Create | Villager (Male) |
| 11:30 | Create | Militia |
| 11:47 | Build | House |
| 11:51 | Create | Villager (Male) |
| 12:11 | Build | House |
| 12:15 | Create | Militia |
| 12:16 | Create | Villager (Male) |
| 12:30 | Build | Farm |
| 12:43 | Create | Militia |
| 12:45 | Build | House |
| 12:53 | Create | Villager (Male) |
| 12:55 | Create | Villager (Male) |
| 13:23 | Research | Arson |
| 13:25 | Build | House |
| 13:40 | Create | Villager (Male) |
| 13:45 | Build | Farm |
| 13:47 | Build | Farm |
| 13:50 | Build | Farm |
| 13:55 | Build | Farm |
| 13:56 | Create | Villager (Male) |
| 14:26 | Create | Villager (Male) |
| 14:29 | Create | Militia |
| 14:29 | Create | Militia |
| 14:31 | Build | House |
| 14:48 | Create | Villager (Male) |
| 14:55 | Build | Farm |
| 15:05 | Build | Farm |
| 15:23 | Create | Militia |
| 15:25 | Build | House |
| 16:01 | Create | Villager (Male) |
| 16:03 | Create | Spearman |
| 16:03 | Create | Spearman |
| 16:07 | Build | Blacksmith |
| 16:16 | Build | Farm |
| 16:28 | Build | House |
| 16:35 | Build | Archery Range |
| 16:47 | Create | Villager (Male) |
| 16:47 | Create | Villager (Male) |
| 17:12 | Create | Spearman |
| 17:21 | Research | Wheelbarrow |
| 17:37 | Build | Farm |
| 17:38 | Build | Farm |
| 17:38 | Build | Farm |
| 17:39 | Build | Farm |
| 17:40 | Build | Farm |
| 17:40 | Build | Farm |
| 18:01 | Create | Spearman |
| 18:25 | Build | House |
| 18:28 | Build | House |
| 18:34 | Build | Stone Wall |
| 18:45 | Research | Castle Age |
| 19:06 | Build | Stone Wall |
| 19:10 | Build | Stone Wall |
| 19:28 | Research | Scale Mail Armor |
| 19:29 | Research | Forging |
| 19:39 | Build | Barracks |
| 19:58 | Research | Gold Mining |
| 20:22 | Create | Militia |
| 20:23 | Create | Militia |
| 20:23 | Create | Militia |
| 21:12 | Build | Farm |
| 21:18 | Create | Skirmisher |
| 21:18 | Create | Skirmisher |
| 21:19 | Create | Skirmisher |
| 21:19 | Create | Skirmisher |
| 21:26 | Build | Archery Range |
| 21:31 | Research | Fletching |
| 21:31 | Research | Padded Archer Armor |
| 21:32 | Age | Castle Age |
| 21:38 | Create | Villager (Male) |
| 21:38 | Create | Villager (Male) |
| 21:45 | Build | Farm |
| 21:47 | Build | Farm |
| 21:49 | Build | Farm |
| 22:01 | Research | Elite Skirmisher (upgrade) |
| 22:17 | Build | Mining Camp |
| 22:25 | Create | Skirmisher |
| 22:41 | Create | Villager (Male) |
| 22:42 | Create | Villager (Male) |
| 22:46 | Create | Skirmisher |
| 22:51 | Research | Long Swordsman (upgrade) |
| 23:11 | Build | Gate |
| 23:15 | Create | Militia |
| 23:16 | Create | Militia |
| 23:23 | Create | Villager (Male) |
| 23:24 | Create | Villager (Male) |
| 23:31 | Research | Stone Mining |
| 23:53 | Create | Skirmisher |
| 23:54 | Create | Skirmisher |
| 23:59 | Create | Villager (Male) |
| 24:00 | Create | Villager (Male) |
| 24:14 | Build | Town Center |
| 24:39 | Create | Villager (Male) |
| 24:46 | Create | Villager (Male) |
| 24:59 | Research | Stone Shaft Mining |
| 25:03 | Research | Bow Saw |
| 25:23 | Build | House |
| 25:28 | Research | Pikeman (upgrade) |
| 25:36 | Research | Heavy Plow |
| 25:43 | Create | Villager (Male) |
| 25:43 | Create | Villager (Male) |
| 25:54 | Build | House |
| 25:56 | Build | House |
| 26:00 | Create | Villager (Male) |
| 26:00 | Create | Villager (Male) |
| 26:00 | Create | Villager (Male) |
| 26:11 | Research | Town Watch |
| 26:19 | Create | Spearman |
Build order — jordan.armstrong
First 150 of 488 actions detected
| 0:04 | Build | House |
| 0:06 | Create | Villager (Male) ×4 |
| 0:06 | Create | Villager (Male) ×4 |
| 0:27 | Build | Mill |
| 0:42 | Research | Loom |
| 1:27 | Build | Palisade Wall |
| 1:30 | Build | Palisade Wall |
| 1:52 | Create | Villager (Male) |
| 2:21 | Build | Palisade Gate |
| 2:28 | Build | Palisade Wall |
| 2:36 | Create | Villager (Male) |
| 2:57 | Create | Villager (Male) |
| 3:24 | Create | Villager (Male) |
| 3:47 | Create | Villager (Male) |
| 4:02 | Create | Villager (Male) |
| 4:29 | Build | House |
| 4:36 | Create | Villager (Male) |
| 4:43 | Create | Villager (Male) |
| 5:19 | Create | Villager (Male) |
| 5:47 | Create | Villager (Male) |
| 6:03 | Build | House |
| 6:14 | Build | Lumber Camp |
| 6:19 | Create | Villager (Male) |
| 6:59 | Create | Villager (Male) |
| 7:13 | Create | Villager (Male) |
| 7:50 | Build | House |
| 8:08 | Research | Feudal Age |
| 8:32 | Build | Barracks |
| 10:18 | Age | Feudal Age |
| 10:24 | Build | Stable |
| 10:29 | Create | Villager (Male) |
| 10:32 | Research | Horse Collar |
| 10:35 | Research | Double-Bit Axe |
| 10:46 | Create | Villager (Male) |
| 11:05 | Create | Spearman |
| 11:05 | Create | Spearman |
| 11:18 | Create | Scout Cavalry |
| 11:28 | Create | Spearman |
| 11:40 | Build | House |
| 12:06 | Create | Scout Cavalry |
| 12:28 | Build | Stable |
| 12:37 | Create | Villager (Male) |
| 12:37 | Create | Villager (Male) |
| 12:37 | Create | Villager (Male) |
| 13:22 | Create | Villager (Male) |
| 13:30 | Build | Farm |
| 13:32 | Build | Farm |
| 13:33 | Build | Farm |
| 13:35 | Build | Farm |
| 13:53 | Create | Villager (Male) |
| 13:54 | Create | Villager (Male) |
| 14:16 | Build | Stone Wall |
| 14:27 | Build | Stone Wall |
| 14:40 | Create | Villager (Male) |
| 14:41 | Create | Villager (Male) |
| 14:50 | Build | Farm |
| 14:51 | Build | Farm |
| 14:59 | Build | Mill |
| 15:20 | Build | Farm |
| 15:22 | Build | Farm |
| 15:23 | Build | Farm |
| 15:25 | Build | Farm |
| 15:28 | Create | Villager (Male) |
| 15:40 | Build | Mining Camp |
| 15:49 | Create | Villager (Male) |
| 16:02 | Create | Scout Cavalry |
| 16:02 | Create | Scout Cavalry |
| 16:19 | Create | Scout Cavalry |
| 16:20 | Create | Scout Cavalry |
| 16:36 | Build | Farm |
| 16:37 | Build | Farm |
| 16:39 | Build | Farm |
| 16:53 | Build | Farm |
| 16:55 | Create | Villager (Male) |
| 16:56 | Create | Villager (Male) |
| 17:06 | Create | Villager (Male) |
| 17:24 | Build | Blacksmith |
| 17:34 | Build | Mill |
| 17:41 | Create | Villager (Male) |
| 17:51 | Build | House |
| 17:54 | Build | House |
| 17:55 | Build | House |
| 18:05 | Build | Farm |
| 18:06 | Build | Farm |
| 18:08 | Build | Farm |
| 18:09 | Build | Farm |
| 18:24 | Create | Villager (Male) |
| 18:42 | Build | Farm |
| 18:59 | Research | Castle Age |
| 18:59 | Research | Castle Age |
| 19:06 | Build | Farm |
| 20:18 | Research | Forging |
| 20:20 | Research | Scale Barding Armor |
| 20:27 | Research | Gold Mining |
| 21:23 | Build | Market |
| 21:31 | Research | Bloodlines |
| 21:40 | Age | Castle Age |
| 21:45 | Research | Bow Saw |
| 21:47 | Research | Wheelbarrow |
| 21:56 | Create | Knight |
| 21:57 | Create | Knight |
| 22:06 | Research | Light Cavalry (upgrade) |
| 22:08 | Create | Scout Cavalry |
| 22:09 | Create | Scout Cavalry |
| 22:09 | Create | Scout Cavalry |
| 22:14 | Create | Villager (Male) |
| 22:15 | Create | Villager (Male) |
| 22:15 | Create | Villager (Male) |
| 22:24 | Build | Siege Workshop |
| 22:37 | Create | Villager (Male) |
| 22:49 | Create | Scout Cavalry |
| 22:58 | Create | Battering Ram |
| 22:59 | Create | Battering Ram |
| 23:22 | Build | Gate |
| 23:36 | Create | Battering Ram |
| 23:40 | Create | Villager (Male) |
| 23:44 | Create | Scout Cavalry |
| 23:44 | Create | Scout Cavalry |
| 23:48 | Create | Scout Cavalry |
| 24:15 | Create | Battering Ram |
| 24:22 | Build | Mining Camp |
| 24:29 | Create | Villager (Male) |
| 24:37 | Create | Scout Cavalry |
| 24:39 | Create | Scout Cavalry |
| 24:43 | Create | Scout Cavalry |
| 24:43 | Create | Scout Cavalry |
| 24:48 | Create | Battering Ram |
| 24:56 | Build | Lumber Camp |
| 25:10 | Research | Iron Casting |
| 25:24 | Build | House |
| 25:25 | Build | House |
| 25:26 | Build | House |
| 25:27 | Build | House |
| 25:28 | Build | House |
| 26:02 | Create | Knight |
| 26:08 | Create | Knight |
| 26:08 | Create | Knight |
| 26:17 | Create | Villager (Male) |
| 26:17 | Create | Villager (Male) |
| 26:18 | Create | Villager (Male) |
| 26:47 | Research | Chain Barding Armor |
| 27:15 | Create | Villager (Male) |
| 27:34 | Create | Knight |
| 27:34 | Create | Knight |
| 27:37 | Create | Knight |
| 27:37 | Create | Knight |
| 27:41 | Create | Villager (Male) |
| 27:41 | Create | Villager (Male) |
| 28:27 | Create | Knight |
| 28:27 | Create | Knight |
Build order — 久久
First 150 of 569 actions detected
| 0:03 | Research | Loom |
| 0:59 | Create | Villager (Male) |
| 1:19 | Create | Villager (Male) |
| 1:19 | Create | Villager (Male) |
| 1:28 | Build | Lumber Camp |
| 2:03 | Create | Villager (Male) |
| 2:03 | Create | Villager (Male) |
| 2:36 | Create | Villager (Male) |
| 2:37 | Create | Villager (Male) |
| 2:46 | Create | Villager (Male) |
| 2:47 | Create | Villager (Male) |
| 3:27 | Create | Villager (Male) |
| 3:27 | Create | Villager (Male) |
| 3:27 | Create | Villager (Male) |
| 3:34 | Build | House |
| 3:41 | Build | House |
| 3:47 | Build | House |
| 4:03 | Create | Villager (Male) |
| 4:03 | Create | Villager (Male) |
| 4:03 | Create | Villager (Male) |
| 4:25 | Build | Mill |
| 4:30 | Build | House |
| 4:40 | Create | Villager (Male) |
| 4:40 | Create | Villager (Male) |
| 5:07 | Create | Villager (Male) |
| 5:07 | Create | Villager (Male) |
| 5:13 | Build | House |
| 5:21 | Create | Villager (Male) |
| 5:22 | Create | Villager (Male) |
| 5:52 | Create | Villager (Male) |
| 5:57 | Build | House |
| 6:47 | Create | Villager (Male) |
| 6:59 | Create | Villager (Male) |
| 7:19 | Build | Mining Camp |
| 7:34 | Create | Villager (Male) |
| 8:02 | Create | Villager (Male) |
| 8:30 | Research | Feudal Age |
| 8:30 | Research | Feudal Age |
| 9:48 | Create | Villager (Male) |
| 9:49 | Create | Villager (Male) |
| 10:40 | Age | Feudal Age |
| 10:44 | Build | Gate |
| 10:50 | Build | Market |
| 10:55 | Build | Blacksmith |
| 11:03 | Build | Market |
| 11:11 | Create | Villager (Male) |
| 11:23 | Build | Mining Camp |
| 11:47 | Create | Villager (Male) |
| 11:53 | Build | Farm |
| 11:54 | Build | Farm |
| 12:25 | Create | Villager (Male) |
| 12:39 | Create | Villager (Male) |
| 12:48 | Build | Farm |
| 12:55 | Build | Farm |
| 12:57 | Create | Villager (Male) |
| 13:29 | Create | Villager (Male) |
| 13:41 | Build | Farm |
| 13:44 | Build | Farm |
| 13:58 | Create | Villager (Male) |
| 14:19 | Build | Farm |
| 14:23 | Build | Farm |
| 14:28 | Create | Villager (Male) |
| 15:01 | Create | Villager (Male) |
| 15:24 | Create | Villager (Male) |
| 15:33 | Build | Farm |
| 15:55 | Create | Villager (Male) |
| 15:59 | Build | Farm |
| 16:21 | Research | Castle Age |
| 16:50 | Research | Double-Bit Axe |
| 16:50 | Research | Double-Bit Axe |
| 17:01 | Research | Horse Collar |
| 17:15 | Create | Villager (Male) |
| 17:29 | Create | Villager (Male) |
| 18:59 | Create | Villager (Male) |
| 19:01 | Age | Castle Age |
| 19:05 | Build | Town Center |
| 19:09 | Research | Wheelbarrow |
| 19:48 | Build | Castle |
| 19:49 | Create | Villager (Male) |
| 20:05 | Create | Villager (Male) |
| 20:11 | Create | Villager (Male) |
| 20:11 | Create | Villager (Male) |
| 20:16 | Build | House |
| 20:17 | Build | House |
| 20:19 | Build | House |
| 20:20 | Build | House |
| 20:52 | Create | Villager (Male) |
| 20:53 | Create | Villager (Male) |
| 20:57 | Build | Town Center |
| 21:19 | Create | Villager (Male) ×5 |
| 21:51 | Create | Villager (Male) |
| 22:00 | Build | Farm |
| 22:01 | Build | Farm |
| 22:02 | Build | Farm |
| 22:30 | Build | Castle |
| 22:32 | Create | Villager (Male) ×5 |
| 22:38 | Build | Farm |
| 22:38 | Build | Farm |
| 23:00 | Create | Villager (Male) ×5 |
| 23:04 | Build | House |
| 23:05 | Build | House |
| 23:08 | Build | Farm |
| 23:08 | Build | Farm |
| 23:09 | Build | Farm |
| 23:25 | Create | Villager (Male) ×3 |
| 23:30 | Build | Farm |
| 23:39 | Create | Villager (Male) |
| 23:48 | Build | Town Center |
| 23:52 | Create | Villager (Male) ×2 |
| 23:56 | Build | House |
| 23:57 | Build | House |
| 24:20 | Create | Villager (Male) ×2 |
| 24:58 | Build | Castle |
| 25:01 | Create | Villager (Male) ×5 |
| 25:04 | Build | House |
| 25:05 | Build | House |
| 25:06 | Build | House |
| 25:15 | Create | Villager (Male) ×2 |
| 25:24 | Create | Villager (Male) |
| 25:27 | Build | Farm |
| 25:27 | Build | Farm |
| 25:27 | Build | Farm |
| 25:28 | Build | Farm |
| 25:32 | Create | Villager (Male) |
| 25:47 | Create | Villager (Male) ×2 |
| 25:54 | Build | Farm |
| 25:55 | Build | Farm |
| 25:56 | Build | Farm |
| 26:05 | Create | Villager (Male) ×2 |
| 26:10 | Build | Farm |
| 26:29 | Create | Villager (Male) ×3 |
| 26:35 | Build | House |
| 26:36 | Build | House |
| 26:37 | Build | House |
| 26:38 | Build | House |
| 26:39 | Build | House |
| 26:42 | Create | Villager (Male) ×2 |
| 26:51 | Build | Town Center |
| 26:58 | Build | Gate |
| 27:04 | Build | Stone Wall |
| 27:08 | Build | Stone Wall |
| 27:11 | Create | Villager (Male) ×5 |
| 27:44 | Build | Stone Wall |
| 27:54 | Create | Villager (Male) ×5 |
| 28:07 | Build | Stone Wall |
| 28:19 | Build | Stone Wall |
| 28:22 | Create | Villager (Male) ×5 |
| 28:26 | Build | Farm |
| 28:27 | Build | Farm |
| 28:27 | Build | Farm |
Match timeline
| 1:27 | jordan.armstrong · wall_segment Palisade Wall x1 |
| 1:30 | jordan.armstrong · wall_segment Palisade Wall x5 |
| 2:28 | jordan.armstrong · wall_segment Palisade Wall x4 |
| 5:38 | aWin · wall_segment Palisade Wall x1 |
| 5:58 | Gyurkobeats · wall_segment Palisade Wall x5 |
| 7:20 | 马大帅 · first_building Barracks |
| 7:42 | Gyurkobeats · first_building Barracks |
| 7:43 | 折鸿梦影 · first_building Barracks |
| 8:31 | 折鸿梦影 · age_up feudal |
| 8:32 | jordan.armstrong · first_building Barracks |
| 8:37 | 马大帅 · age_up feudal |
| 8:38 | 折鸿梦影 · first_building Stable |
| 8:57 | Godrick · first_building Barracks |
| 9:15 | aWin · wall_segment Palisade Wall x4 |
| 9:29 | Gyurkobeats · age_up feudal |
| 9:33 | aWin · wall_segment Palisade Wall x1 |
| 10:18 | jordan.armstrong · age_up feudal |
| 10:24 | jordan.armstrong · first_building Stable |
| 10:37 | Gyurkobeats · first_building Stable |
| 10:37 | aWin · age_up feudal |
| 10:40 | 久久 · age_up feudal |
| 10:41 | FinRahZel · age_up feudal |
| 11:11 | Godrick · age_up feudal |
| 13:06 | aWin · wall_segment Palisade Wall x1 |
| 13:07 | aWin · wall_segment Palisade Wall x1 |
| 13:28 | aWin · wall_segment Palisade Wall x1 |
| 13:29 | aWin · wall_segment Palisade Wall x1 |
| 13:29 | aWin · wall_segment Palisade Wall x1 |
| 14:13 | aWin · wall_segment Palisade Wall x1 |
| 14:13 | aWin · wall_segment Palisade Wall x1 |
| 14:14 | aWin · wall_segment Palisade Wall x1 |
| 14:16 | jordan.armstrong · wall_segment Stone Wall x11 |
| 14:27 | jordan.armstrong · wall_segment Stone Wall x16 |
| 14:52 | aWin · wall_segment Palisade Wall x1 |
| 15:01 | FinRahZel · first_market_buy 100 food |
| 15:44 | FinRahZel · first_building Barracks |
| 16:09 | Gyurkobeats · first_building Archery Range |
| 16:35 | 马大帅 · first_building Archery Range |
| 16:39 | FinRahZel · first_building Archery Range |
| 17:38 | aWin · wall_segment Stone Wall x8 |
| 17:41 | aWin · wall_segment Stone Wall x2 |
| 17:43 | aWin · wall_segment Stone Wall x2 |
| 17:44 | aWin · wall_segment Stone Wall x3 |
| 17:50 | FinRahZel · age_up castle |
| 18:22 | aWin · wall_segment Stone Wall x1 |
| 18:24 | Godrick · wall_segment Stone Wall x14 |
| 18:24 | aWin · wall_segment Stone Wall x1 |
| 18:34 | 马大帅 · wall_segment Stone Wall x2 |
| 18:38 | aWin · wall_segment Stone Wall x1 |
| 18:52 | 折鸿梦影 · age_up castle |
| 18:53 | Gyurkobeats · wall_segment Palisade Wall x1 |
| 18:55 | Gyurkobeats · wall_segment Palisade Wall x1 |
| 19:01 | 久久 · age_up castle |
| 19:06 | 马大帅 · wall_segment Stone Wall x1 |
| 19:10 | 马大帅 · wall_segment Stone Wall x1 |
| 19:18 | aWin · first_market_sell 100 stone |
| 19:24 | Godrick · first_market_buy 100 food |
| 19:48 | 久久 · first_building Castle |
| 19:53 | Gyurkobeats · age_up castle |
| 21:32 | 马大帅 · age_up castle |
| 21:40 | jordan.armstrong · age_up castle |
| 21:48 | aWin · wall_segment Stone Wall x1 |
| 21:54 | aWin · wall_segment Stone Wall x1 |
| 21:57 | aWin · wall_segment Stone Wall x1 |
| 22:05 | aWin · age_up castle |
| 22:13 | aWin · wall_segment Stone Wall x1 |
| 22:24 | jordan.armstrong · first_building Siege Workshop |
| 22:32 | jordan.armstrong · first_market_sell 100 food |
| 22:43 | aWin · wall_segment Stone Wall x1 |
| 22:46 | Godrick · age_up castle |
| 22:47 | aWin · wall_segment Stone Wall x1 |
| 24:54 | Godrick · first_building Monastery |
| 25:08 | Gyurkobeats · first_building Castle |
| 27:04 | 久久 · wall_segment Stone Wall x7 |
| 27:08 | 久久 · wall_segment Stone Wall x11 |
| 27:17 | 折鸿梦影 · first_building Monastery |
| 27:25 | aWin · first_building Castle |
| 27:44 | Godrick · first_building Siege Workshop |
| 27:44 | 久久 · wall_segment Stone Wall x6 |
| 28:07 | 久久 · wall_segment Stone Wall x4 |
| 28:19 | 久久 · wall_segment Stone Wall x5 |
| 28:38 | aWin · first_building Barracks |
| 28:53 | Gyurkobeats · first_market_sell 100 food |
| 29:18 | 马大帅 · first_building Castle |
| 29:46 | 久久 · first_building Siege Workshop |
| 29:53 | 久久 · first_building Barracks |
| 30:09 | jordan.armstrong · tribute_sent a jugador 1 |
| 30:09 | jordan.armstrong · tribute_sent a jugador 2 |
| 30:09 | jordan.armstrong · tribute_sent a jugador 3 |
| 30:09 | jordan.armstrong · tribute_sent a jugador 4 |
| 30:09 | jordan.armstrong · tribute_sent a jugador 5 |
| 30:09 | jordan.armstrong · tribute_sent a jugador 6 |
| 30:09 | jordan.armstrong · tribute_sent a jugador 8 |
| 30:36 | jordan.armstrong · first_market_buy 100 stone |
| 30:39 | 马大帅 · first_building Siege Workshop |
| 30:42 | jordan.armstrong · first_building Castle |
| 30:46 | 久久 · wall_segment Stone Wall x2 |
| 31:38 | 久久 · first_building Monastery |
| 32:03 | 折鸿梦影 · first_building Siege Workshop |
| 32:08 | 久久 · first_building Archery Range |
| 32:20 | FinRahZel · first_building Monastery |
| 32:32 | Gyurkobeats · age_up imperial |
| 33:15 | 久久 · first_building Stable |
| 34:52 | 折鸿梦影 · first_building Castle |
| 35:18 | 久久 · first_market_sell 100 wood |
| 35:20 | aWin · age_up imperial |
| 35:32 | Godrick · first_market_sell 100 wood |
| 35:42 | 久久 · age_up imperial |
| 36:02 | FinRahZel · age_up imperial |
| 36:20 | 折鸿梦影 · first_market_sell 100 food |
| 36:34 | 折鸿梦影 · age_up imperial |
| 37:35 | 马大帅 · age_up imperial |
| 38:04 | 久久 · first_market_buy 100 stone |
| 38:14 | FinRahZel · first_market_sell 100 wood |
| 38:26 | FinRahZel · first_building Castle |
| 38:45 | Godrick · age_up imperial |
| 40:10 | aWin · first_building Siege Workshop |
| 40:46 | Godrick · first_building Castle |
| 41:26 | FinRahZel · first_building Siege Workshop |
| 41:58 | 折鸿梦影 · tribute_sent a jugador 1 |
| 41:58 | 折鸿梦影 · tribute_sent a jugador 3 |
| 41:58 | 折鸿梦影 · tribute_sent a jugador 4 |
| 41:58 | 折鸿梦影 · tribute_sent a jugador 5 |
| 41:58 | 折鸿梦影 · tribute_sent a jugador 6 |
| 41:58 | 折鸿梦影 · tribute_sent a jugador 7 |
| 41:58 | 折鸿梦影 · tribute_sent a jugador 8 |
| 42:37 | Gyurkobeats · first_market_buy 100 food |
| 42:49 | 马大帅 · first_market_sell 500 wood |
| 43:44 | Godrick · first_building Stable |
| 44:29 | Gyurkobeats · first_building Siege Workshop |
| 45:24 | FinRahZel · tribute_sent a jugador 1 |
| 45:24 | FinRahZel · tribute_sent a jugador 2 |
| 45:24 | FinRahZel · tribute_sent a jugador 3 |
| 45:24 | FinRahZel · tribute_sent a jugador 4 |
| 45:24 | FinRahZel · tribute_sent a jugador 6 |
| 45:24 | FinRahZel · tribute_sent a jugador 7 |
| 45:24 | FinRahZel · tribute_sent a jugador 8 |
| 47:09 | Gyurkobeats · first_building Monastery |
| 48:08 | 折鸿梦影 · tribute_sent a jugador 1 |
| 48:08 | 折鸿梦影 · tribute_sent a jugador 3 |
| 48:08 | 折鸿梦影 · tribute_sent a jugador 4 |
| 48:08 | 折鸿梦影 · tribute_sent a jugador 5 |
| 48:08 | 折鸿梦影 · tribute_sent a jugador 6 |
| 48:08 | 折鸿梦影 · tribute_sent a jugador 7 |
| 48:08 | 折鸿梦影 · tribute_sent a jugador 8 |
| 50:55 | jordan.armstrong · age_up imperial |
| 52:41 | jordan.armstrong · tribute_sent a jugador 1 |
| 52:41 | jordan.armstrong · tribute_sent a jugador 2 |
| 52:41 | jordan.armstrong · tribute_sent a jugador 3 |
| 52:41 | jordan.armstrong · tribute_sent a jugador 4 |
| 52:41 | jordan.armstrong · tribute_sent a jugador 5 |
| 52:41 | jordan.armstrong · tribute_sent a jugador 6 |
| 52:41 | jordan.armstrong · tribute_sent a jugador 8 |
| 54:53 | aWin · tribute_sent a jugador 1 |
| 54:53 | aWin · tribute_sent a jugador 2 |
| 54:53 | aWin · tribute_sent a jugador 3 |
| 54:53 | aWin · tribute_sent a jugador 5 |
| 54:53 | aWin · tribute_sent a jugador 6 |
| 54:53 | aWin · tribute_sent a jugador 7 |
| 54:53 | aWin · tribute_sent a jugador 8 |
| 55:16 | 久久 · tribute_sent a jugador 1 |
| 55:16 | 久久 · tribute_sent a jugador 2 |
| 55:16 | 久久 · tribute_sent a jugador 3 |
| 55:16 | 久久 · tribute_sent a jugador 4 |
| 55:16 | 久久 · tribute_sent a jugador 5 |
| 55:16 | 久久 · tribute_sent a jugador 6 |
| 55:16 | 久久 · tribute_sent a jugador 7 |
| 56:53 | 马大帅 · tribute_sent a jugador 1 |
| 56:53 | 马大帅 · tribute_sent a jugador 2 |
| 56:53 | 马大帅 · tribute_sent a jugador 3 |
| 56:53 | 马大帅 · tribute_sent a jugador 4 |
| 56:53 | 马大帅 · tribute_sent a jugador 5 |
| 56:53 | 马大帅 · tribute_sent a jugador 7 |
| 56:53 | 马大帅 · tribute_sent a jugador 8 |
| 61:25 | 折鸿梦影 · first_market_buy 100 food |
| 61:41 | 久久 · tribute_sent a jugador 1 |
| 61:41 | 久久 · tribute_sent a jugador 2 |
| 61:41 | 久久 · tribute_sent a jugador 3 |
| 61:41 | 久久 · tribute_sent a jugador 4 |
| 61:41 | 久久 · tribute_sent a jugador 5 |
| 61:41 | 久久 · tribute_sent a jugador 6 |
| 61:41 | 久久 · tribute_sent a jugador 7 |
| 62:08 | FinRahZel · tribute_sent a jugador 1 |
| 62:08 | FinRahZel · tribute_sent a jugador 2 |
| 62:08 | FinRahZel · tribute_sent a jugador 3 |
| 62:08 | FinRahZel · tribute_sent a jugador 4 |
| 62:08 | FinRahZel · tribute_sent a jugador 6 |
| 62:08 | FinRahZel · tribute_sent a jugador 7 |
| 62:08 | FinRahZel · tribute_sent a jugador 8 |
| 66:12 | 折鸿梦影 · tribute_sent a jugador 1 |
| 66:12 | 折鸿梦影 · tribute_sent a jugador 3 |
| 66:12 | 折鸿梦影 · tribute_sent a jugador 4 |
| 66:12 | 折鸿梦影 · tribute_sent a jugador 5 |
| 66:12 | 折鸿梦影 · tribute_sent a jugador 6 |
| 66:12 | 折鸿梦影 · tribute_sent a jugador 7 |
| 66:12 | 折鸿梦影 · tribute_sent a jugador 8 |
| 66:21 | Gyurkobeats · wall_segment Palisade Wall x1 |
| 69:03 | aWin · first_building Monastery |
| 71:51 | 折鸿梦影 · first_building Archery Range |
| 72:48 | 折鸿梦影 · tribute_sent a jugador 1 |
| 72:48 | 折鸿梦影 · tribute_sent a jugador 3 |
| 72:48 | 折鸿梦影 · tribute_sent a jugador 4 |
| 72:48 | 折鸿梦影 · tribute_sent a jugador 5 |
| 72:48 | 折鸿梦影 · tribute_sent a jugador 6 |
| 72:48 | 折鸿梦影 · tribute_sent a jugador 7 |
| 72:48 | 折鸿梦影 · tribute_sent a jugador 8 |
| 72:55 | 马大帅 · first_market_buy 100 stone |
| 73:16 | jordan.armstrong · tribute_sent a jugador 1 |
| 73:16 | jordan.armstrong · tribute_sent a jugador 2 |
| 73:16 | jordan.armstrong · tribute_sent a jugador 3 |
| 73:16 | jordan.armstrong · tribute_sent a jugador 4 |
| 73:16 | jordan.armstrong · tribute_sent a jugador 5 |
| 73:16 | jordan.armstrong · tribute_sent a jugador 6 |
| 73:16 | jordan.armstrong · tribute_sent a jugador 8 |
| 75:46 | 久久 · tribute_sent a jugador 1 |
| 75:46 | 久久 · tribute_sent a jugador 2 |
| 75:46 | 久久 · tribute_sent a jugador 3 |
| 75:46 | 久久 · tribute_sent a jugador 4 |
| 75:46 | 久久 · tribute_sent a jugador 5 |
| 75:46 | 久久 · tribute_sent a jugador 6 |
| 75:46 | 久久 · tribute_sent a jugador 7 |
| 75:49 | 马大帅 · tribute_sent a jugador 1 |
| 75:49 | 马大帅 · tribute_sent a jugador 2 |
| 75:49 | 马大帅 · tribute_sent a jugador 3 |
| 75:49 | 马大帅 · tribute_sent a jugador 4 |
| 75:49 | 马大帅 · tribute_sent a jugador 5 |
| 75:49 | 马大帅 · tribute_sent a jugador 7 |
| 75:49 | 马大帅 · tribute_sent a jugador 8 |
| 76:13 | 久久 · tribute_sent a jugador 1 |
| 76:13 | 久久 · tribute_sent a jugador 2 |
| 76:13 | 久久 · tribute_sent a jugador 3 |
| 76:13 | 久久 · tribute_sent a jugador 4 |
| 76:13 | 久久 · tribute_sent a jugador 5 |
| 76:13 | 久久 · tribute_sent a jugador 6 |
| 76:13 | 久久 · tribute_sent a jugador 7 |
| 76:21 | 久久 · tribute_sent a jugador 1 |
| 76:21 | 久久 · tribute_sent a jugador 2 |
| 76:21 | 久久 · tribute_sent a jugador 3 |
| 76:21 | 久久 · tribute_sent a jugador 4 |
| 76:21 | 久久 · tribute_sent a jugador 5 |
| 76:21 | 久久 · tribute_sent a jugador 6 |
| 76:21 | 久久 · tribute_sent a jugador 7 |
| 79:07 | 马大帅 · tribute_sent a jugador 1 |
| 79:07 | 马大帅 · tribute_sent a jugador 2 |
| 79:07 | 马大帅 · tribute_sent a jugador 3 |
| 79:07 | 马大帅 · tribute_sent a jugador 4 |
| 79:07 | 马大帅 · tribute_sent a jugador 5 |
| 79:07 | 马大帅 · tribute_sent a jugador 7 |
| 79:07 | 马大帅 · tribute_sent a jugador 8 |
| 79:20 | jordan.armstrong · tribute_sent a jugador 1 |
| 79:20 | jordan.armstrong · tribute_sent a jugador 2 |
| 79:20 | jordan.armstrong · tribute_sent a jugador 3 |
| 79:20 | jordan.armstrong · tribute_sent a jugador 4 |
| 79:20 | jordan.armstrong · tribute_sent a jugador 5 |
| 79:20 | jordan.armstrong · tribute_sent a jugador 6 |
| 79:20 | jordan.armstrong · tribute_sent a jugador 8 |
| 79:39 | Gyurkobeats · resign |
[ AI ANALYSIS · 1 CREDIT ]
What really happened in this match?
Wolo.gg analyzes every decision: build order, eco, micro, common mistakes by bracket. Personalized analysis on WhatsApp or Discord in 30 seconds.
Civ guide
Romans
Map guide
Glade
Perfil
Jugador #239062